 Dungeon Crawl Stone Soup version 0.18.1-48-g4cf74bf (webtiles) character file.

318985 Skwishie the Eviscerator (level 20, -10/118 HPs)
             Began as a Felid Monk on Sept 2, 2016.
             Was the Champion of Ru.
             Killed by divine providence
             ... invoked by a daeva
              (14 damage)
             ... on level 3 of the Depths on Sept 5, 2016.
             The game lasted 14:01:32 (128734 turns).

Skwishie the Eviscerator (Felid Monk)             Turns: 128734, Time: 14:01:33

Health: -10/118    AC:  3    Str:  7    XL:     20   Next: 59%
Magic:  22/29      EV: 35    Int: 16    God:    Ru [******]
Gold:   4581       SH:  5    Dex: 25    Spells: 2 memorised, 15 levels left
                                        Lives:  0   Deaths: 6

rFire  + . .     SeeInvis +       - Unarmed
rCold  + . .     Gourm    .     (armour unavailable)
rNeg   . . .     Faith    .     (shield unavailable)
rPois  +         Spirit   .     (helmet unavailable)
rElec  .         Dismiss  .     (cloak unavailable)
rCorr  .         Reflect  +     (gloves unavailable)
SustAt .         Harm     .     (boots unavailable)
MR     +++..                    L - +5 amulet of reflection
Stlth  +++++++++.               s - ring "Dobel" {Fire rPois Int+3}
                                V - ring of protection from cold

@: exhausted, very slightly contaminated, repel missiles, drained, quick,
extremely resistant to hostile enchantments, incredibly stealthy
A: no armour, no weapons or thrown items, antennae 1, claws 1, fangs 3, see
invisible, carnivore 3, clumsy 1, speed 1, robust 1, shaggy fur 3, slow
regeneration 1, slow metabolism 1, wild magic 1, hated by all, no necromancy
magic, no poison magic, no translocations magic, disrupted magic 1, unskilled 1,
inexperienced 1, sharp paws
a: Draw Out Power, Power Leap, Apocalypse, Renounce Religion
}: 2/15 runes: serpentine, barnacled


You were on level 3 of the Depths.
You worshipped Ru.
Ru was exalted by your worship.
You were completely stuffed.

You visited 9 branches of the dungeon, and saw 44 of its levels.
You also visited: Labyrinth and Ice Cave.

You collected 7427 gold pieces.
You spent 2846 gold pieces at shops.

Inventory:

Jewellery
 d - an uncursed amulet of regeneration
 i - an uncursed ring of protection from magic
 s - the ring "Dobel" (right paw) {Fire rPois Int+3}
   (You acquired it on level 2 of the Shoals)

   [ring of fire]

   It enhances your fire magic, and weakens your ice magic.
   It affects your intelligence (+3).
   It protects you from fire.
   It makes you vulnerable to cold.
   It protects you from poison.
 w - an uncursed ring of positive energy
 A - an uncursed ring of sustain attributes
 C - an uncursed ring of positive energy
 F - an uncursed ring of flight
 L - a +5 amulet of reflection (around neck)
 P - the ring "Zinabrej" {rCorr MP+9}
   (You took it off an orc on level 12 of the Dungeon)

   [ring of resist corrosion]

   It affects your magic capacity (+9).
 U - an uncursed ring of fire
 V - a ring of protection from cold (left paw)
Wands
 c - a wand of polymorph (10/24)
 l - a wand of iceblast (4/15)
 n - a wand of lightning (6/15)
 p - a wand of acid (6/15)
 B - a wand of lightning (3/15)
 D - a wand of disintegration (18/24)
 I - a wand of slowing (33/48)
 K - a wand of iceblast (5/15)
 Q - a wand of confusion (17/48)
 S - a wand of hasting (3/9)
 X - a wand of paralysis (21/24)
Scrolls
 j - 5 scrolls of fog
 k - 15 scrolls of remove curse
 v - 7 scrolls of teleportation
 x - 6 scrolls of blinking
 y - 4 scrolls of fear
 J - 2 scrolls of recharging
 M - 3 scrolls of amnesia
 O - 13 scrolls of identify
 R - 6 scrolls of magic mapping
 Y - 2 scrolls of holy word
Potions
 b - a potion of invisibility
 e - 3 potions of berserk rage
 f - 10 potions of flight
 g - 2 potions of cure mutation
 h - 4 potions of cancellation
 m - 2 potions of heal wounds
 o - 10 potions of curing
 u - 4 potions of agility
 z - 2 potions of resistance
 H - 8 potions of haste
Miscellaneous
 T - a stone of tremors
 W - a fan of gales
Comestibles
 a - 16 meat rations
 q - 13 chunks of flesh
 r - 21 beef jerkies
 t - 10 slices of pizza


   Skills:
 + Level 21.4(19.7) Fighting
 - Level 16.1(14.6) Dodging
 - Level 20.9(19.2) Stealth
 - Level 22.6(20.9) Unarmed Combat
 - Level 8.7(7.4) Charms
 - Level 5.0(3.9) Air Magic
 - Level 11.1(9.7) Evocations


You had 15 spell levels left.
You knew the following spells:

 Your Spells              Type           Power        Failure   Level  Hunger
a - Repel Missiles        Chrm/Air       ###...       12%         2    ###....
b - Swiftness             Chrm/Air       ###.....     12%         2    ###....


Dungeon Overview and Level Annotations

Branches:
Dungeon (15/15)            Temple (1/1) D:5            Lair (8/8) D:8
 Shoals (4/4) Lair:4        Snake (4/4) Lair:6        Slime (0/6) Lair:8
    Orc (2/2) D:10            Elf (3/3) Orc:2        Vaults (4/5) D:14
 Depths (3/5) D:15
  Crypt: Vaults:2-3

Altars:
Ashenzari
Cheibriados
Dithmenos
Elyvilon
Fedhas
Gozag
Kikubaaqudgha
Makhleb
Nemelex Xobeh
Okawaru
Pakellas
Qazlal
Ru
Sif Muna
Trog
Vehumet
Xom
Yredelemnul
Zin
The Shining One

Shops:
D:8 *   D:9 [   D:12 (!%:(   D:14 ?   Orc:2 !([}(   Vaults:1 [[(   Vaults:2 ?
Vaults:3 (   Depths:1 !*

Portals:
Hell: Depths:1 Depths:2
Ziggurat: Depths:3

Annotations:
Lair:8 exclusion: 4 oklob plants
Elf:2 3 runed doors
Vaults:3 Mennas


Innate Abilities, Weirdness & Mutations

You cannot wear armour.
You are incapable of wielding weapons or throwing items.
You have sharp claws.
You have razor-sharp teeth.
You have supernaturally acute eyesight.
You are carnivorous and can eat meat at any time.
You are clumsy. (Dex -2)
You cover ground quickly.
Your thick and shaggy fur keeps you warm (AC +3, rC+).
You regenerate slowly when monsters are visible.
You have a slow metabolism.
You are hated by all.
You cannot study or cast Necromancy magic.
You cannot study or cast Poison magic.
You cannot study or cast Translocations magic.
Your casting is slightly disrupted.
You are somewhat unskilled (-1 Apt).
You are somewhat inexperienced (-2 XL).
Your sharp claws are effective at attacking unaware monsters.
You have a pair of small antennae on your head.
You are robust (+10% HP).
Your spells are a little harder to cast, but a little more powerful.


Message History

[the floor.] Sorry, you can't target what you can't see.
Okay, then.
Evoke which item? (* to show all) (? for menu, Esc to quit)
Okay, then.
Blink to where?
Press: ? - help, Dir - move target cursor
Okay, then.
You redirect the daeva's attack!
You redirect the daeva's attack!
The daeva calls down the wrath of the Shining One upon you.
The Shining One smites you!
* * * LOW HITPOINT WARNING * * *
Blink to where?
Press: ? - help, Dir - move target cursor You are very lightly contaminated with residual magic.
As you read the scroll of blinking, it crumbles to dust.
The daeva calls down the wrath of the Shining One upon you.
The Shining One smites you!
You die...

.#........#.?.#...# .##
.#.#...?..##.∩A##..# #.##
#...#......#..A#...##...##
#$..#......#####./.#.#.#.#..
#.#.........#.....T)......#
#.................###.###.#
.#..............§###.#
#..<)...........##.#
##.....@.......###.#
#...####....#### ### #.#.##
##..## #.##.# #### ######


You could see 2 daevas.

Vanquished Creatures
  Mara (D:15)
  An ancient lich (Vaults:2)
  Sojobo (D:15)
  Saint Roka (Depths:1)
  Frederick (Depths:3)
  The ghost of HEYYEYAAE the Gelid, an adept DrIE of Okawaru (Vaults:3)
  The ghost of Ladykiller69 the Severer, a veteran FoFi of Cheibriados (Elf:3)
  Nikola (Depths:1)
  A lich (Depths:1)
  A deep elf blademaster (Elf:3)
  A quicksilver dragon (Vaults:1)
  A sphinx (Vaults:3)
  6 tengu reavers
  A storm dragon (Vaults:3)
  Kirke (Shoals:3)
  Wiglaf (Elf:3)
  Ilsuiw (Shoals:4)
  10 greater nagas
  10 vault wardens
  5 fire giants
  An orc warlord (Vaults:4)
  10 deep elf sorcerers
  3 frost giants
  16 ironheart preservers
  4 deep elf elementalists
  5 stone giants
  2 very ugly things
  2 salamander stormcallers
  14 deep elf demonologists
  Azrael (Elf:1)
  4 spark wasps (Depths:1)
  9 deep elf annihilators
  The ghost of appiemonkey the Blocker, a journeyman MiFi of Gozag (Shoals:1)
  Snorg (Lair:7)
  7 ettins
  A minotaur (Lab)
  9 vault guards
  10 merfolk javelineers
  12 deep elf death magi
  11 merfolk impalers
  4 yaktaur captains
  6 fire dragons
  5 deep elf high priests
  An entropy weaver (Vaults:4)
  3 great orbs of eyes
  The ghost of HEYYEYAAE the Frost Mage, a journeyman DrIE of Okawaru (D:11)
  8 hydras
  2 rakshasas
  3 ice dragons
  15 naga warriors
  10 ogre magi
  2 spriggan air magi
  9 merfolk avatars
  6 centaur warriors
  6 merfolk aquamancers
  2 alligator snapping turtles
  A queen ant (Lair:8)
  8 anacondas
  19 dancing weapons
  7 tengu warriors
  A satyr (Shoals:3)
  6 deep troll shamans
  A hell hog (Depths:2)
  11 shock serpents
  8 deep troll earth magi
  An orc high priest (Orc:2)
  3 spriggan berserkers (Depths:2)
  9 naga sharpshooters
  28 deep elf knights
  Sonja (Lair:3)
  A fire crab (shapeshifter) (Vaults:4)
  2 fire crabs (Vaults:2)
  6 hell knights
  A shadow wraith (Vaults:3)
  An iron troll (Depths:2)
  4 salamander mystics
  5 skeletal warriors
  22 sea snakes
  26 deep trolls
  8 unseen horrors
  2 flayed ghosts
  12 hill giants
  30 deep elf archers
  14 harpies
  A giant orange brain (Vaults:1)
  6 naga ritualists
  4 wizards
  17 ironbrand convokers
  67 deep elf magi
  Pikel (D:7)
  7 orc knights
  6 necromancers
  2 wolf spiders
  11 mana vipers
  A harpy (shapeshifter) (Vaults:2)
  6 orc sorcerers
  16 griffons
  13 cyclopes
  A wolf spider zombie (D:15)
  17 manticores
  19 salamanders
  A frost giant zombie (Vaults:3)
  30 ugly things
  An octopode (shapeshifter) (Vaults:4)
  3 hornets
  33 elephants
  An ice statue (IceCv)
  8 sirens
  8 vault sentinels
  14 guardian serpents (Snake:4)
  14 fauns
  45 black mambas
  A frost giant skeleton (Vaults:3)
  6 water nymphs
  21 naga magi
  4 gargoyles
  6 molten gargoyles
  A torpor snail (Lair:7)
  10 komodo dragons
  15 spiny frogs
  3 rime drakes
  41 yaktaurs
  A komodo dragon (shapeshifter) (Depths:2)
  3 kobold demonologists
  A redback zombie (D:9)
  18 freezing wraiths
  7 tengu conjurers
  A jumping spider (shapeshifter) (Elf:3)
  11 trolls
  2 wind drakes
  A spriggan druid (Lair:8)
  47 merfolk
  A two-headed ogre (shapeshifter) (Vaults:1)
  A harpy zombie (D:15)
  8 polar bears (Lair:8)
  A wolf spider simulacrum (D:15)
  28 two-headed ogres
  A boulder beetle (Vaults:2)
  A harpy skeleton (D:15)
  11 blink frogs
  Grinder (D:5)
  A stone giant simulacrum (Vaults:3)
  Sigmund (D:3)
  51 slime creatures
  12 snapping turtles
  11 spriggans (Lair:8)
  5 redbacks
  4 shadows
  A vampire (D:15)
  16 water elementals
  41 yaks
  5 air elementals
  4 wyverns
  2 wraiths
  10 fire elementals
  5 hogs (Shoals:3)
  6 hungry ghosts
  2 basilisks
  A human (Shoals:3)
  A human (shapeshifter) (Vaults:1)
  A warg (Vaults:1)
  17 hippogriffs
  14 vampire mosquitoes
  A death yak simulacrum (IceCv)
  6 soldier ants
  Menkaure (D:6)
  2 mottled dragons
  A yaktaur simulacrum (Vaults:1)
  63 nagas
  The ghost of Charly the Magician, an amateur DEIE (D:5)
  4 hell hounds
  14 water moccasins
  14 porcupines
  Duvessa (D:6)
  8 black bears
  2 elf zombies (Vaults:3)
  40 orc warriors
  4 slaves (D:7)
  A black bear (shapeshifter) (Depths:1)
  8 sky beasts
  14 ice beasts
  An alligator simulacrum (IceCv)
  6 phantoms
  2 wasps (Lair:8)
  2 eyes of draining (D:12)
  3 necrophages
  8 boggarts
  26 centaurs
  53 ogres
  23 wolves
  10 crocodiles
  A big kobold (shapeshifter) (Vaults:1)
  2 big kobolds
  9 earth elementals
  21 giant frogs
  Dowan (D:6)
  A wyvern skeleton (D:5)
  6 scorpions
  A troll zombie (D:10)
  A water moccasin skeleton (D:7)
  5 killer bees (D:14)
  18 wights
  4 electric eels
  4 howler monkeys
  8 crimson imps
  7 lava snakes
  5 giant frog zombies
  4 centaur zombies
  2 human simulacra
  3 jellies
  A quasit (D:8)
  A wasp zombie (D:6)
  23 orc priests
  6 centaur skeletons
  Crazy Yiuf (D:2)
  A gnoll shaman (D:9)
  14 hounds
  15 iguanas
  4 giant frog skeletons
  Jessica (D:2)
  Natasha (thrice) (D:3)
  Terence (D:2)
  41 orc wizards
  26 worker ants
  4 spriggan simulacra (IceCv)
  2 wolf simulacra (IceCv)
  5 troll simulacra (IceCv)
  60 sheep
  5 centaur simulacra
  7 ogre zombies (D:10)
  A howler monkey zombie (D:5)
  A howler monkey skeleton (D:9)
  11 gnolls
  18 adders
  An adder (shapeshifter) (Vaults:3)
  4 naga simulacra (IceCv)
  4 ogre simulacra (IceCv)
  62 river rats
  6 shadow imps
  12 white imps (IceCv)
  2 oozes
  An adder zombie (D:8)
  3 adder skeletons
  A worm (D:2)
  2 dart slugs
  9 giant geckos
  138 orcs
  8 giant cockroaches
  6 hobgoblins
  13 jackals
  9 quokkas
  A ball python (D:1)
  7 bats
  7 giant newts
  4 goblins
  3 goblin zombies (D:10)
  A hobgoblin skeleton (D:10)
  3 hobgoblin zombies (D:10)
  11 kobolds
  An orc skeleton (D:10)
  17 orc zombies (D:10)
  A quokka zombie (D:6)
  9 rats
  14 plants
2342 creatures vanquished.

Vanquished Creatures (others)
  A deep elf master archer (Elf:3)
  A tengu reaver (Depths:1)
  A deep elf sorcerer (Elf:3)
  Nessos (Lair:6)
  A deep elf annihilator (Vaults:3)
  A deep elf death mage (Vaults:2)
  2 ettins
  A great orb of eyes (Depths:3)
  A hydra (Lair:1)
  An anaconda (Snake:4)
  A satyr (Shoals:3)
  An ogre mage (Depths:1)
  A vampire mage (Vaults:3)
  A shock serpent (Snake:1)
  A spriggan (Lair:8)
  A sea snake (Shoals:1)
  A naga ritualist (Snake:4)
  2 deep trolls
  2 harpies (Shoals:3)
  A manticore (Shoals:4)
  4 deep elf magi
  A stone giant zombie (Vaults:3)
  A naga mage (Snake:3)
  A yaktaur (Vaults:4)
  A freezing wraith (IceCv)
  A troll (Orc:2)
  3 merfolk
  A two-headed ogre (Orc:2)
  A yak (Lair:7)
  A golden eye (shapeshifter) (Depths:1)
  A vampire mosquito (Vaults:2)
  A giant eyeball (shapeshifter) (Elf:3)
  An orc warrior (Vaults:4)
  A wasp (Lair:8)
  An ogre (Vaults:1)
  A wolf (Lair:8)
  A centaur (Vaults:3)
  A sheep (Lair:4)
  A river rat (Lair:8)
  14 bushes
  46 fungi
  32 plants
139 creatures vanquished.

Grand Total: 2481 creatures vanquished

Notes
Turn   | Place    | Note
--------------------------------------------------------------
     0 | D:1      | Skwishie the Felid Monk began the quest for the Orb.
     0 | D:1      | Reached XP level 1. HP: 10/10 MP: 2/2
   344 | D:1      | Reached XP level 2. HP: 13/14 MP: 3/3
   726 | D:2      | Noticed Crazy Yiuf
   731 | D:2      | Killed Crazy Yiuf
   731 | D:2      | Reached skill level 5 in Unarmed Combat
   731 | D:2      | Reached XP level 3. HP: 8/17 MP: 1/4
  1033 | D:2      | Noticed Jessica
  1075 | D:2      | Killed Jessica
  1075 | D:2      | Reached XP level 4. HP: 13/21 MP: 5/5
  1219 | D:2      | Found a faded altar to an unknown god.
  1551 | D:2      | Noticed Terence
  1579 | D:2      | Killed Terence
  1579 | D:2      | Reached skill level 6 in Unarmed Combat
  1699 | D:2      | Found a shattered altar of Ashenzari.
  1700 | D:2      | Found a radiant altar of Vehumet.
  1701 | D:2      | Found a glowing golden altar of the Shining One.
  1902 | D:3      | Noticed Natasha
  1908 | D:3      | Killed Natasha
  1908 | D:3      | Reached XP level 5. HP: 24/24 MP: 6/6
  2257 | D:3      | Noticed Sigmund
  2265 | D:3      | Noticed Natasha
  2331 | D:3      | Killed Natasha
  2495 | D:3      | Noticed Natasha
  2523 | D:3      | Killed Sigmund
  2523 | D:3      | Reached skill level 7 in Unarmed Combat
  2523 | D:3      | Gained mutation: You are covered in thick fur (AC +2). [Felid growth]
  2523 | D:3      | Reached XP level 6. HP: 14/28 MP: 7/7
  2979 | D:3      | Killed Natasha
  3251 | D:3      | Reached skill level 8 in Unarmed Combat
  3632 | D:3      | Found a snail-covered altar of Cheibriados.
  3728 | D:4      | Reached XP level 7. HP: 31/31 MP: 8/8
  3817 | D:4      | Reached skill level 9 in Unarmed Combat
  3872 | D:4      | Found a shadowy altar of Dithmenos.
  4789 | D:4      | Reached skill level 10 in Unarmed Combat
  5197 | D:5      | Entered Level 5 of the Dungeon
  5197 | D:5      | Noticed Charly's ghost (amateur DEIE)
  5226 | D:5      | Reached XP level 8. HP: 34/34 MP: 9/9
  5334 | D:5      | Found a staircase to the Ecumenical Temple.
  5719 | D:5      | HP: 1/34 [centaur/arrow (12)]
  6035 | D:5      | Killed Charly's ghost
  6035 | D:5      | Reached skill level 11 in Unarmed Combat
  7456 | Temple   | Entered the Ecumenical Temple
  7666 | Temple   | Became a worshipper of Ru the Awakened
  7817 | D:5      | Noticed Grinder
  7853 | D:5      | Killed Grinder
  7853 | D:5      | Reached skill level 12 in Unarmed Combat
  7853 | D:5      | Reached XP level 9. HP: 19/37 MP: 10/10
  8011 | D:5      | Found a white marble altar of Elyvilon.
  8156 | D:5      | Found an oddly glowing altar of Pakellas.
  8354 | D:5      | Found an opulent altar of Gozag.
  8900 | D:6      | Noticed Duvessa
  8914 | D:6      | Killed Duvessa
  8915 | D:6      | Noticed Dowan
  8950 | D:6      | Reached skill level 5 in Fighting
  8966 | D:6      | Killed Dowan
  9143 | D:6      | Found a sacrificial altar of Ru.
  9159 | D:6      | Noticed Menkaure
  9316 | D:6      | Killed Menkaure
 10477 | D:6      | HP: 1/43 [orc warrior/flail of draining (10)]
 10477 | D:6      | Slain by an orc warrior
 10478 | D:6      | Reached XP level 8. HP: -1/40 MP: 9/9
 11189 | D:7      | Noticed Pikel
 11704 | D:7      | Killed Pikel
 11704 | D:7      | Reached XP level 9. HP: 30/43 MP: 10/10
 13556 | D:7      | Found a blossoming altar of Fedhas.
 13557 | D:7      | Found an ancient bone altar of Kikubaaqudgha.
 13788 | D:8      | Reached skill level 10 in Fighting
 13921 | D:8      | Found a staircase to the Lair.
 13935 | D:8      | Killed from afar by a hell hound
 13936 | D:8      | Reached XP level 8. HP: -2/41 MP: 9/9
 14078 | D:8      | Reached skill level 1 in Evocations
 14348 | D:8      | Noticed a two-headed ogre
 14373 | D:8      | Killed a two-headed ogre
 14373 | D:8      | Reached XP level 9. HP: 46/46 MP: 11/11
 14440 | D:8      | Reached skill level 5 in Dodging
 14780 | D:8      | Noticed an unseen horror
 14800 | D:8      | Killed an unseen horror
 14800 | D:8      | Reached skill level 5 in Stealth
 15297 | D:8      | Found Isit Nubbo's Assorted Antiques.
 15322 | D:8      | Bought a scroll of identify for 68 gold pieces
 15323 | D:8      | Gained mutation: You are robust (+10% HP). [potion of mutation]
 15323 | D:8      | Gained mutation: Your spells are a little harder to cast, but a little more powerful. [potion of mutation]
 16072 | D:9      | Noticed a troll
 16097 | D:9      | Killed a troll
 16155 | D:9      | Reached XP level 10. HP: 47/56 MP: 14/14
 16344 | D:9      | Found Ahudeach's Armour Emporium.
 17037 | D:9      | Reached skill level 5 in Evocations
 17912 | D:10     | Entered Level 10 of the Dungeon
 18314 | D:10     | Found a staircase to the Orcish Mines.
 19044 | D:10     | Noticed an unseen horror
 19345 | D:9      | Killed an unseen horror
 19345 | D:9      | Reached XP level 11. HP: 24/59 MP: 16/16
 19668 | D:10     | Noticed an unseen horror
 19683 | D:10     | Killed an unseen horror
 19683 | D:10     | Reached skill level 13 in Unarmed Combat
 19860 | Lair:1   | Entered Level 1 of the Lair of Beasts
 20725 | Lair:1   | Noticed a six-headed hydra
 21850 | Lair:2   | Reached skill level 14 in Unarmed Combat
 22479 | Lair:2   | Gained mutation: You cannot study or cast Poison magic. [Ru sacrifice]
 22479 | Lair:2   | Gained mutation: You cannot study or cast Necromancy magic. [Ru sacrifice]
 22479 | Lair:2   | Gained mutation: You cannot study or cast Translocations magic. [Ru sacrifice]
 22479 | Lair:2   | Reached * piety under Ru
 22714 | Lair:3   | Noticed Sonja
 22720 | Lair:3   | Killed Sonja
 24365 | Lair:4   | Reached skill level 15 in Unarmed Combat
 24449 | Lair:4   | Found a staircase to the Shoals.
 24558 | Lair:4   | Gained mutation: You are hated by all. [Ru sacrifice]
 24558 | Lair:4   | Reached ** piety under Ru
 24607 | Lair:4   | Noticed an eight-headed hydra
 24612 | Lair:4   | Killed an eight-headed hydra
 24612 | Lair:4   | Gained mutation: Your thick and shaggy fur keeps you warm (AC +3, rC+). [Felid growth]
 24612 | Lair:4   | Reached XP level 12. HP: 63/63 MP: 17/17
 26448 | Lair:5   | Reached skill level 16 in Unarmed Combat
 28183 | Lair:6   | Found an iron altar of Okawaru.
 28314 | Lair:6   | Gained mutation: You are clumsy. (Dex -2) [Ru sacrifice]
 28314 | Lair:6   | Reached *** piety under Ru
 28629 | Lair:6   | Reached skill level 10 in Stealth
 28910 | Lair:6   | Found a staircase to the Snake Pit.
 28913 | Lair:6   | Noticed an eight-headed hydra
 28918 | Lair:6   | Noticed Nessos
 29423 | Lair:6   | Shot with an arrow by Nessos
 29424 | Lair:6   | Reached XP level 11. HP: -14/59 MP: 18/18
 29442 | Lair:6   | Reached skill level 10 in Dodging
 29445 | Lair:6   | Reached XP level 12. HP: 40/63 MP: 19/19
 29784 | Lair:6   | Killed an eight-headed hydra
 30149 | Lair:6   | Killed Nessos
 31439 | Lair:7   | Noticed a five-headed hydra
 31502 | Lair:7   | Noticed Snorg
 31526 | Lair:7   | Killed Snorg
 31614 | Lair:7   | Noticed a five-headed hydra
 31628 | Lair:7   | Killed a five-headed hydra
 32193 | Lair:7   | Gained mutation: You regenerate slowly when monsters are visible. [Ru sacrifice]
 33543 | Lair:7   | Killed a five-headed hydra
 33543 | Lair:7   | Reached XP level 13. HP: 54/68 MP: 20/20
 33782 | Lair:8   | Entered Level 8 of the Lair of Beasts
 36808 | Lair:8   | Gained mutation: You are somewhat inexperienced (-2 XL). [Ru sacrifice]
 36808 | Lair:8   | Reached XP level 12. HP: 62/67 MP: 19/19
 36808 | Lair:8   | Reached XP level 11. HP: 62/63 MP: 18/18
 36808 | Lair:8   | Reached **** piety under Ru
 36808 | Lair:8   | Reached ***** piety under Ru
 37093 | Lair:8   | Reached XP level 12. HP: 53/69 MP: 19/19
 37548 | Lair:8   | Killed a seven-headed hydra
 37589 | Lair:8   | Found a staircase to the Slime Pits.
 38702 | Lair:1   | Killed a six-headed hydra
 38844 | D:11     | Noticed HEYYEYAAE's ghost (journeyman DrIE)
 39311 | D:11     | Killed HEYYEYAAE's ghost
 39775 | D:12     | Found Liafel's Weapon Boutique.
 39852 | D:12     | Found Ereu's Weapon Shop.
 39870 | D:12     | Found Japutof's Distillery.
 39871 | D:12     | Found Canuah's Food Shoppe.
 39875 | D:12     | Found a labyrinth entrance.
 39888 | Lab      | Entered a labyrinth
 40396 | Lab      | Noticed a minotaur
 40408 | Lab      | Killed a minotaur
 40415 | Lab      | Identified Leop's Guide on the Mountains
 40634 | D:12     | Bought a potion of invisibility for 120 gold pieces
 40634 | D:12     | Bought a potion of haste for 150 gold pieces
 40634 | D:12     | Bought a potion of haste for 150 gold pieces
 40634 | D:12     | Bought a potion of agility for 60 gold pieces
 40731 | D:12     | Noticed an eight-headed hydra
 40830 | D:12     | Reached XP level 13. HP: 67/74 MP: 20/20
 40985 | D:12     | Got a crude brass ring
 41010 | D:12     | Reached skill level 15 in Fighting
 41216 | D:12     | Found Gauja Boxu's Book Boutique.
 41234 | D:12     | Identified the ring "Zinabrej" {rCorr MP+9} (You took it off an orc on level 12 of the Dungeon)
 44480 | D:14     | Found a blossoming altar of Fedhas.
 44631 | D:14     | Reached skill level 15 in Dodging
 44740 | D:14     | Found a gate to the Vaults.
 45116 | D:14     | Found Wieth's Magic Scroll Shop.
 45232 | D:14     | Bought a scroll of identify for 32 gold pieces
 45232 | D:14     | Bought a scroll of identify for 32 gold pieces
 45232 | D:14     | Bought a scroll of fear for 56 gold pieces
 45232 | D:14     | Bought a scroll of blinking for 120 gold pieces
 45232 | D:14     | Bought a scroll of noise for 16 gold pieces
 45232 | D:14     | Bought a scroll of fear for 56 gold pieces
 45232 | D:14     | Bought a scroll of remove curse for 48 gold pieces
 45837 | D:14     | Reached skill level 10 in Evocations
 45837 | D:14     | Reached XP level 14. HP: 66/80 MP: 22/22
 45986 | D:15     | Entered Level 15 of the Dungeon
 46110 | D:15     | Found a frozen archway.
 46306 | IceCv    | Entered an ice cave
 47118 | IceCv    | Found an ancient bone altar of Kikubaaqudgha.
 48709 | D:15     | Reached skill level 17 in Unarmed Combat
 48809 | D:15     | Found a staircase to the Depths.
 49620 | Orc:1    | Entered Level 1 of the Orcish Mines
 49860 | Orc:2    | Entered Level 2 of the Orcish Mines
 50324 | Orc:2    | Found a staircase to the Elven Halls.
 50736 | Orc:2    | Found Hecucic's Gadget Emporium.
 50736 | Orc:2    | Found Resemm's Weapon Boutique.
 50736 | Orc:2    | Found Cine's Antique Weapon Shop.
 50736 | Orc:2    | Found Izus's Armour Emporium.
 51344 | Orc:2    | Reached XP level 15. HP: 72/84 MP: 23/23
 51375 | Orc:2    | Gained mutation: You are somewhat unskilled (-1 Apt). [Ru sacrifice]
 51375 | Orc:2    | Reduced skill Unarmed Combat to level 16
 51544 | Orc:2    | Found Wusaewomma's Distillery.
 51559 | Orc:2    | Bought a potion of invisibility for 88 gold pieces
 51559 | Orc:2    | Bought a potion of heal wounds for 55 gold pieces
 51559 | Orc:2    | Bought a potion of curing for 33 gold pieces
 51559 | Orc:2    | Bought a potion of haste for 110 gold pieces
 51559 | Orc:2    | Bought a potion of haste for 110 gold pieces
 51559 | Orc:2    | Bought a potion of agility for 44 gold pieces
 51559 | Orc:2    | Bought a potion of curing for 33 gold pieces
 51559 | Orc:2    | Bought a potion of curing for 33 gold pieces
 51559 | Orc:2    | Bought a potion of flight for 33 gold pieces
 51559 | Orc:2    | Bought a potion of flight for 33 gold pieces
 51742 | Orc:2    | Bought a wand of flame (19/48) for 147 gold pieces
 51742 | Orc:2    | Bought a stone of tremors for 560 gold pieces
 53714 | Snake:1  | Entered Level 1 of the Snake Pit
 53724 | Snake:1  | HP: 4/83 [salamander/enchanted halberd (12)]
 53724 | Snake:1  | HP: 1/83 [naga mage/whip (3)]
 54111 | Snake:1  | Reached skill level 10 in Evocations
 55279 | Snake:1  | Gained mutation: Your casting is slightly disrupted. [Ru sacrifice]
 55279 | Snake:1  | Reached ****** piety under Ru
 56743 | Snake:1  | HP: 2/83 [shock serpent/bolt of electricity (26)]
 58737 | Snake:2  | Noticed a greater naga
 58744 | Snake:2  | Killed a greater naga
 59175 | Shoals:1 | Entered Level 1 of the Shoals
 59198 | Shoals:1 | Noticed appiemonkey's ghost (journeyman MiFi)
 59223 | Shoals:1 | Killed appiemonkey's ghost
 59223 | Shoals:1 | Reached skill level 15 in Fighting
 61693 | Shoals:1 | Reached XP level 16. HP: 63/89 MP: 25/25
 62163 | Shoals:1 | Reached skill level 17 in Unarmed Combat
 62438 | Shoals:2 | Identified a scroll of acquirement
 62441 | Shoals:2 | Got a faintly glowing turquoise ring
 62443 | Shoals:2 | Identified the ring "Dobel" {Fire rPois Int+3} (You acquired it on level 2 of the Shoals)
 63678 | Shoals:3 | Noticed Kirke
 64026 | Shoals:3 | Killed Kirke
 65672 | Shoals:4 | Entered Level 4 of the Shoals
 66014 | Shoals:4 | Noticed Ilsuiw
 66060 | Shoals:4 | Killed Ilsuiw
 67208 | Shoals:3 | Reached skill level 18 in Unarmed Combat
 69220 | Shoals:3 | HP: 1/89 [satyr/arrow (40)]
 70387 | Shoals:3 | Reached XP level 17. HP: 82/93 MP: 20/26
 71546 | Shoals:4 | Gained mutation: You have a pair of small antennae on your head. [potion of beneficial mutation]
 72368 | Shoals:4 | Reached skill level 19 in Unarmed Combat
 72998 | Shoals:4 | Identified the Collected Works on Noxious Enhancements
 73002 | Shoals:4 | Learned a level 2 spell: Repel Missiles
 73345 | Shoals:4 | Reached skill level 1 in Air Magic
 73734 | Shoals:4 | Got a barnacled rune of Zot
 76649 | Snake:3  | Reached skill level 5 in Air Magic
 77009 | Snake:3  | Reached skill level 1 in Charms
 78303 | Snake:4  | Entered Level 4 of the Snake Pit
 78444 | Snake:4  | Reached skill level 5 in Charms
 80862 | Snake:4  | Reached XP level 18. HP: 97/97 MP: 27/27
 81460 | Snake:4  | Reached skill level 15 in Stealth
 85333 | Snake:4  | Got a serpentine rune of Zot
 85518 | Snake:4  | Reached skill level 20 in Unarmed Combat
 87375 | Elf:1    | Entered Level 1 of the Elven Halls
 90172 | Elf:1    | Noticed Azrael
 90423 | Elf:1    | Killed Azrael
 90857 | Elf:1    | Reached XP level 19. HP: 102/102 MP: 28/28
 91708 | Elf:2    | Learned a level 2 spell: Swiftness
 91787 | Elf:2    | Found a runed gate.
 91787 | Elf:2    | Found a runed gate.
 91787 | Elf:2    | Found a runed gate.
 93137 | Elf:3    | Entered Level 3 of the Elven Halls
 93261 | Elf:3    | Reached skill level 21 in Unarmed Combat
 93614 | Elf:3    | Found an ancient bone altar of Kikubaaqudgha.
 93776 | Elf:3    | Noticed Ladykiller69's ghost (veteran FoFi)
 94445 | Elf:3    | Noticed Wiglaf
 94452 | Elf:3    | Killed Wiglaf
 97859 | Elf:3    | Killed Ladykiller69's ghost
 99060 | Elf:3    | Reached XP level 20. HP: 77/106 MP: 29/29
 99394 | Elf:3    | Identified Sif Muna's Guide on Supportive Moulding
 99571 | Elf:1    | Reached skill level 22 in Unarmed Combat
100121 | Vaults:1 | Entered Level 1 of the Vaults
100675 | Vaults:1 | Found Gozag's Antique Armour Emporium.
100958 | Vaults:1 | Mangled by a vault warden
100959 | Vaults:1 | Reached XP level 19. HP: -8/102 MP: 28/28
100959 | Vaults:1 | Found Gozag's Antique Armour Shoppe.
100959 | Vaults:1 | Found an opulent altar of Gozag.
100959 | Vaults:1 | Found Gozag's Antique Weapon Shoppe.
106774 | Vaults:2 | Reached XP level 20. HP: 110/110 MP: 29/29
107043 | Vaults:2 | Found Qoxzesko's Magic Scroll Shop.
107317 | Vaults:2 | Bought a scroll of identify for 26 gold pieces
107317 | Vaults:2 | Bought a scroll of fog for 26 gold pieces
107317 | Vaults:2 | Bought a scroll of fear for 45 gold pieces
107317 | Vaults:2 | Bought a scroll of fog for 26 gold pieces
107317 | Vaults:2 | Bought a scroll of identify for 26 gold pieces
109209 | Vaults:3 | Noticed HEYYEYAAE's ghost (adept DrIE)
109356 | Vaults:3 | Killed HEYYEYAAE's ghost
109733 | Vaults:3 | Noticed Mennas
110584 | Vaults:3 | Found Xeijeis's Antique Weapon Boutique.
111305 | Vaults:2 | Noticed an ancient lich
111312 | Vaults:2 | Killed an ancient lich
112930 | Vaults:3 | Reached XP level 21. HP: 104/118 MP: 30/30
116381 | Depths:1 | Entered Level 1 of the Depths
116382 | Depths:1 | Noticed Saint Roka
116388 | Depths:1 | Found Qyusod's Distillery.
116389 | Depths:1 | Killed Saint Roka
116419 | Depths:1 | Bought a potion of curing for 45 gold pieces
116419 | Depths:1 | Bought a potion of haste for 150 gold pieces
116419 | Depths:1 | Bought a potion of might for 60 gold pieces
116419 | Depths:1 | Bought a potion of agility for 60 gold pieces
116419 | Depths:1 | Bought a potion of resistance for 150 gold pieces
116419 | Depths:1 | Bought a potion of curing for 45 gold pieces
116519 | Depths:1 | Found a gateway to Hell.
116790 | Depths:1 | Noticed Mara
116807 | Depths:1 | Noticed Sojobo
116812 | Depths:1 | Noticed Skwishie's illusion
117768 | D:15     | Killed Sojobo
118108 | Depths:1 | Noticed Skwishie's illusion
118150 | D:15     | Mangled by Mara (illusionary)
118151 | D:15     | Reached XP level 20. HP: -9/116 MP: 29/29
118246 | D:15     | Noticed Skwishie's illusion
118874 | D:15     | Killed Mara
118874 | D:15     | Reached skill level 15 in Dodging
120990 | Depths:1 | Noticed Nikola
121003 | Depths:1 | Killed from afar by Nikola
121004 | Depths:1 | Reached XP level 19. HP: -15/112 MP: 28/28
122256 | Depths:1 | Killed Nikola
123535 | Depths:1 | Found Kunuar's Demolitions Depot.
123735 | Depths:2 | Reached XP level 20. HP: 116/116 MP: 29/29
127876 | Depths:3 | Found a gateway to a ziggurat.
128255 | Depths:3 | Noticed Frederick
128257 | Depths:3 | Killed Frederick
128302 | Depths:3 | Noticed a juggernaut
128733 | Depths:3 | HP: 4/118 [daeva/divine providence (12)]
128734 | Depths:3 | Killed from afar by a daeva

Skill      XL: |  1  2  3  4  5  6  7  8  9 10 11 12 13 14 15 16 17 18 19 20 21 |
---------------+----------------------------------------------------------------+-----
Unarmed Combat | 5 6 7 8 10 12 15 16 17 16 18 19 20 21 22 | 22.6
Fighting       | 8 10 13 14 15 15 16 21 20 | 21.4
Stealth        | 6 8 10 11 13 12 14 17 20 | 20.9
Evocations     | 1 4 5 6 8 10 11 | 11.1
Dodging        | 6 8 10 14 15 14 16 | 16.1
Air Magic      | 5 |  5.0
Charms         | 7 8 |  8.7

Action                   |  1- 3 |  4- 6 |  7- 9 | 10-12 | 13-15 | 16-18 | 19-21 || total
-------------------------+-------+-------+-------+-------+-------+-------+-------++-------
Melee: Unarmed           |    47 |   132 |   598 |  1611 |  2080 |  2268 |  3066 ||  9802
       Bite              |     5 |    12 |    69 |   199 |   262 |   277 |   458 ||  1282
       Punch             |       |     2 |    39 |   137 |   170 |   227 |   355 ||   930
 Cast: Repel Missiles    |       |       |       |       |       |     6 |    10 ||    16
       Swiftness         |       |       |       |       |       |       |     2 ||     2
Invok: Reject Sacrifices |       |       |     1 |     1 |     1 |       |       ||     3
       Sacrifice Love    |       |       |       |     1 |       |       |       ||     1
       Sacrifice Arcana  |       |       |       |     1 |       |       |       ||     1
       Sacrifice Experie |       |       |       |     1 |       |       |       ||     1
       Sacrifice Purity  |       |       |       |     2 |       |       |       ||     2
       Power Leap        |       |       |       |       |     1 |     5 |    11 ||    17
       Apocalypse        |       |       |       |       |     1 |     2 |     4 ||     7
       Sacrifice Essence |       |       |       |       |     1 |       |       ||     1
       Sacrifice Skill   |       |       |       |       |     1 |       |       ||     1
       Draw Out Power    |       |       |       |       |       |     9 |     6 ||    15
 Abil: Evoke Flight      |       |       |       |       |     3 |    16 |       ||    19
Evoke: Wand              |       |       |    12 |    26 |    13 |     9 |     6 ||    66
       Stone of tremors  |       |       |       |       |     1 |     1 |     1 ||     3
       Fan of gales      |       |       |       |       |       |       |     1 ||     1
  Use: Scroll            |       |     6 |    15 |    12 |     6 |     7 |    20 ||    66
       Potion            |       |       |     1 |     3 |     5 |    11 |     7 ||    27
 Stab: Sleeping          |     4 |    13 |    28 |    56 |    58 |    21 |    61 ||   241
       Distracted        |       |     3 |     8 |    14 |    44 |    55 |    95 ||   219
       Paralysed         |       |       |     5 |       |     5 |    14 |    16 ||    40
       Invisible         |       |       |       |     2 |    20 |    33 |    35 ||    90
  Eat: Chunk             |     7 |     6 |    34 |    57 |    50 |    58 |    86 ||   298
       Meat ration       |       |       |       |       |       |     1 |     1 ||     2
Armor: Skin              |     2 |     4 |    22 |    42 |    25 |    30 |    31 ||   156
Dodge: Dodged            |    33 |    90 |   358 |  1236 |  1346 |  1442 |  1544 ||  6049
       Deflected         |       |       |       |       |       |    31 |    49 ||    80
Block: Other             |       |       |    11 |   190 |   197 |   220 |   296 ||   914
       Reflection        |       |       |       |     1 |     7 |    17 |    33 ||    58
